 Dungeon Crawl Stone Soup version 0.23.2-33-g5129a83184 (webtiles) character file.

Game seed: 9579494682724687496

336626 psyvane the Severer (level 20, -4/150 HPs)
             Began as a Demonspawn Wanderer on July 14, 2019.
             Was the Champion of Nemelex Xobeh.
             Slain by a frost giant
             ... wielding a +2 battleaxe of freezing
              (33 damage)
             ... on level 2 of the Depths on July 16, 2019.
             The game lasted 04:52:28 (46484 turns).

psyvane the Severer (Demonspawn Wanderer)          Turns: 46484, Time: 04:52:42

Health: -4/150     AC: 22    Str: 34    XL:     20   Next: 99%
Magic:  23/29      EV: 23    Int: 13    God:    Nemelex Xobeh [******]
Gold:   3572       SH: 21    Dex: 23    Spells: 3/31 levels left

rFire    + . .     SeeInvis +   d - +7 broad axe "Neuvic" {freeze, rF+ MR+}
rCold    x . .     Gourm    .   h - +2 shield
rNeg     . . .     Faith    .   o - +6 scale mail {MR+}
rPois    +         Spirit   .   C - +1 hat of Broken Taboos {rElec Str+6}
rElec    +         Reflect  +   j - +2 cloak of Weirdness {rC- Regen+ rCorr SInv}
rCorr    +         Harm     .   D - +0 pair of gloves
MR       ++++.                  (boots unavailable)
Stlth    +.........             K - amulet "Rojig" {Reflect rPois Int-2 SH+3 SInv}
HPRegen  0.75/turn              U - ring "Peredath" {MR+ Dex+4}
MPRegen  0.21/turn              c - ring "Vaakhlony" {*Drain rPois MR- Str+10 Dex+2}

@: liquid flames, glowing, repel missiles
A: horns 1, talons 3, repulsion field 3, agile 1, demonic guardian 2, magic
resistance 1, sense surroundings 1, poison resistance, powered by pain 2,
augmentation 2
}: 2/15 runes: decaying, serpentine
a: Draw Escape, Draw Destruction, Draw Summoning, Triple Draw, Deal Four, Stack
Five, Renounce Religion


You were on level 2 of the Depths.
You worshipped Nemelex Xobeh.
Nemelex Xobeh was exalted by your worship.
You were not hungry.

You visited 7 branches of the dungeon, and saw 37 of its levels.

You collected 4317 gold pieces.
You spent 745 gold pieces at shops.

Inventory:

Hand Weapons
 d - the +7 broad axe "Neuvic" (weapon) {freeze, rF+ MR+}
   (You found it on level 12 of the Dungeon)

   It has been specially enchanted to freeze those struck by it, causing extra
   injury to most foes and up to half again as much damage against particularly
   susceptible opponents.
   It can also slow down cold-blooded creatures.
   It protects you from fire.
   It affects your resistance to hostile enchantments.
 m - the +8 great mace of Fedhas's Condemnation {crush, rC+ Str+6 Dex-3}
   (You found it on level 1 of the Depths)

   It inflicts extra damage upon your enemies.
   It affects your strength (+6).
   It affects your dexterity (-3).
   It protects you from cold.
 q - a +2 broad axe of flaming
Armour
 h - a +2 shield (worn)
 j - the +2 cloak of Weirdness (worn) {rC- Regen+ rCorr SInv}
   (You acquired it on level 3 of the Vaults)

   It makes you vulnerable to cold.
   It lets you see invisible.
   It increases your rate of regeneration.
   It provides partial protection from all sources of acid and corrosion.
 o - a +6 scale mail of magic resistance (worn)
 w - +0 fire dragon scales
 x - the +4 helmet "Nanusch" {rElec rPois}
   (You bought it in a shop on level 1 of the Snake Pit)

   It insulates you from electricity.
   It protects you from poison.
 C - the +1 hat of Broken Taboos (worn) {rElec Str+6}
   (You found it on level 4 of the Vaults)

   It affects your strength (+6).
   It insulates you from electricity.
 D - a +0 pair of gloves (worn)
 T - +0 ice dragon scales
 Y - a +3 chain mail of positive energy
Jewellery
 c - the ring "Vaakhlony" (right hand) {*Drain rPois MR- Str+10 Dex+2}
   (You bought it in a shop on level 11 of the Dungeon)

   [ring of dexterity]

   It affects your strength (+10).
   It affects your dexterity (+2).
   It protects you from poison.
   It affects your resistance to hostile enchantments.
   It causes draining when unequipped.
 e - the ring of Waewun Doih {rPois Dex+4}
   (You found it on level 1 of the Lair of Beasts)

   [ring of poison resistance]

   It affects your dexterity (+4).
   It protects you from poison.
 l - an uncursed ring of ice
 p - an uncursed ring of fire
 G - an uncursed ring of see invisible
 K - the amulet "Rojig" (around neck) {Reflect rPois Int-2 SH+3 SInv}
   (You found it on level 3 of the Lair of Beasts)

   [amulet of reflection]

   It shields you and reflects attacks.
   It affects your intelligence (-2).
   It protects you from poison.
   It lets you see invisible.
   It affects your SH (+3).
 N - an uncursed ring of flight
 O - the ring of Keucvo {*Tele rN+ Dex+3}
   (You found it on level 1 of the Swamp)

   [ring of teleportation]

   It may teleport you next to monsters.
   It affects your dexterity (+3).
   It protects you from negative energy.
 U - the ring "Peredath" (left hand) {MR+ Dex+4}
   (You found it on level 1 of the Swamp)

   [ring of protection from magic]

   It affects your dexterity (+4).
   It affects your resistance to hostile enchantments.
Wands
 b - a wand of disintegration (12)
Scrolls
 i - 4 scrolls of amnesia
 k - 20 scrolls of remove curse
 n - 2 scrolls of silence
 r - a scroll of enchant armour
 s - a scroll of summoning
 B - a scroll of identify
 H - 6 scrolls of teleportation
 I - 5 scrolls of fear
 Q - 2 scrolls of magic mapping
 S - 2 scrolls of brand weapon
 W - 4 scrolls of fog
 X - 3 scrolls of enchant weapon
Potions
 a - 3 potions of cancellation
 g - 2 potions of ambrosia
 u - 3 potions of haste
 v - 12 potions of curing
 z - 3 potions of heal wounds
 A - 4 potions of flight
 E - a potion of berserk rage
 L - 6 potions of agility
 P - 3 potions of invisibility
 R - 5 potions of magic
 V - 4 potions of brilliance
 Z - 3 potions of might
Miscellaneous
 t - a lightning rod (4/4)
 y - a fan of gales
 M - a phantom mirror
Comestibles
 f - 52 rations
 F - 4 chunks of flesh


   Skills:
 - Level 11.0 Fighting
   Level 1.0 Short Blades
 - Level 17.9(18.0) Axes
 - Level 1.8(12.2) Maces & Flails
 - Level 1.0 Throwing
 - Level 13.8 Armour
 * Level 9.3 Dodging
 - Level 1.0 Stealth
 - Level 15.0 Shields
 - Level 6.0 Spellcasting
 - Level 0.4 Hexes
 - Level 17.1 Summonings
 - Level 6.0 Translocations
 - Level 6.4 Ice Magic
 - Level 10.0 Invocations
 - Level 1.5 Evocations


You had 3 spell levels left.
You knew the following spells:

 Your Spells              Type           Power        Failure   Level  Hunger
a - Call Imp              Summ           #####...     1%          2    ##.....
b - Call Canine Familiar  Summ           #####...     1%          3    ###....
c - Summon Ice Beast      Ice/Summ       ####....     2%          4    ####...
d - Summon Lightning Spi  Summ/Air       ####....     8%          4    ####...
e - Summon Forest         Summ/Tloc      ####......   6%          5    ######.
f - Summon Guardian Gole  Hex/Summ       ####....     2%          3    ###....
g - Summon Hydra          Summ           #####.....   21%         7    #######

Your spell library contained the following spells:

 Spells                   Type           Power        Failure   Level  Hunger
 Summon Butterflies       Summ           #####...     1%          1    None
 Summon Small Mammal      Summ           ####         1%          1    None
 Sting                    Conj/Pois      #...         26%         1    None
 Corpse Rot               Necr           N/A          38%         2    ##.....
 Poisonous Vapours        Pois/Air       #.....       38%         2    ##.....
 Sublimation of Blood     Necr           #.........   38%         2    ##.....
 Mephitic Cloud           Conj/Pois/Air  #.......     63%         3    ###....
 Stone Arrow              Conj/Erth      #.....       63%         3    ###....
 Summon Mana Viper        Hex/Summ       ####....     21%         5    ######.
 Leda's Liquefaction      Hex/Erth       #.........   94%         4    ####...
 Olgreb's Toxic Radiance  Pois           #.......     95%         4    ####...
 Agony                    Necr           #.......     100%        5    ######.
 Bolt of Draining         Conj/Necr      #.........   100%        5    ######.
 Bolt of Magma            Conj/Fire/Erth #.........   100%        5    ######.
 Dispel Undead            Necr           #.......     100%        5    ######.
 Excruciating Wounds      Chrm/Necr      #.........   100%        5    ######.
 Iskenderun's Battlesphe  Conj/Chrm      #.......     100%        5    ######.
 Venom Bolt               Conj/Pois      #.........   100%        5    ######.
 Hydra Form               Tmut           #.........   100%        6    #######
 Iron Shot                Conj/Erth      #.........   100%        6    #######
 Orb of Destruction       Conj           #.........   100%        7    #######
 Spellforged Servitor     Conj/Summ      ####......   100%        7    #######


Dungeon Overview and Level Annotations

Branches:
Dungeon (15/15)            Temple (0/1) D:6            Lair (6/6) D:9
  Swamp (4/4) Lair:4        Snake (4/4) Lair:2        Slime (0/5) Lair:6
    Orc (2/2) D:12            Elf (0/3) Orc:2        Vaults (4/5) D:13
  Crypt (0/3) Vaults:2     Depths (2/5) D:15

Altars:
Ashenzari
Cheibriados
Dithmenos
Elyvilon
Fedhas
Kikubaaqudgha
Nemelex Xobeh
Okawaru
Uskayaw
Vehumet
Wu Jian
Xom
Yredelemnul
Zin
Jiyva

Shops:
D:4 !   D:10 *   D:11 =   D:12 }   D:13 ?   Orc:2 [:*%(   Snake:1 [(*[
Vaults:2 [   Vaults:3 }

Portals:
Hell: Depths:1 Depths:2*
Trove: Vaults:2 (lose all piety)

Annotations:
D:5 1 runed translucent door, Crazy Yiuf
D:13 2 runed translucent doors
D:14 exclusion: Roxanne, Roxanne


Innate Abilities, Weirdness & Mutations

You have claws for feet.
You are surrounded by a strong repulsion field. (EV +4, RMsl)
A demonic guardian rushes to your aid.
You sometimes gain power by taking damage.
Your magical and physical power is enhanced at high health.
You have a pair of small horns on your head.
You are agile. (Dex +2)
You are resistant to hostile enchantments. (MR+)
You passively map a small area around you.
Your system is resistant to poisons. (rPois)


Message History

You are covered in liquid flames!
The wolf spider hits your ice beast!
The wolf spider splashes around in the water.
Your soul eater hits the wolf spider!
Your ice beast hits the wolf spider.
Your ice beast freezes the wolf spider!
The wolf spider dies!
You slash the frost giant! You freeze the frost giant.
You claw the frost giant.
The frost giant is heavily wounded.
You slice the death drake!! You freeze the death drake.
You hit the fire dragon simulacrum.
You are covered in liquid flames!
The fire dragon simulacrum bites you.
The fire dragon simulacrum freezes you!!!
You feel a terrible chill!
* * * LOW HITPOINT WARNING * * *
You block the fire dragon simulacrum's attack. x2
The frost giant hits you with a +2 battleaxe of freezing!!
You die...
Your body glows slightly brighter and disappears.

.♣####. ##≈≈≈#..##...#####....
*
.......#♣.≈.≈.#...............
....8.8.8.≈≈≈≈#.♣.............
,
..........≈≈≈≈##.........<....
......8†8.8≈≈≈................
.(.....[))Z)Y.................
.......)#♣)Z†.................
......Tp.##≈Z3................
,
T##....Z.##mC@♣#..............
, ,♣.......Z.≈k(....... , #
,.............####♣... , ,
#............♣ ,
#............' ', , ,
,,#.......[....♣ , * , ,
........♣ * * ......., , * *


You could see a frost giant, a death drake, a water nymph, a fire dragon
simulacrum (dazed), a stone giant simulacrum, a hell knight simulacrum, a tengu
warrior simulacrum (dazed), a friendly soul eater and a friendly ice beast.

Vanquished Creatures
  Jorgrun (D:14)
  3 liches
  A titan (Depths:1)
  Frances (D:14)
  2 thorn hunters (Swamp:2)
  2 tengu reavers
  5 nagarajas
  An azure jelly (Swamp:4)
  6 fire giants
  5 frost giants
  A ghost moth (Swamp:1)
  9 vault wardens
  Louise (Swamp:1)
  Aizul (Snake:1)
  A very ugly thing (Depths:2)
  8 ironheart preservers
  9 stone giants
  A spark wasp (Vaults:3)
  Snorg (Orc:1)
  5 ettins
  5 yaktaur captains
  7 fire dragons
  The ghost of DKeggars the Fighter, a journeyman GrFi of Okawaru (D:12)
  2 rakshasas
  3 great orbs of eyes
  Erolcha (Orc:2)
  13 naga warriors
  4 ice dragons
  11 hydras
  5 vault guards
  2 catoblepae
  11 centaur warriors
  11 alligators
  2 shambling mangroves
  12 anacondas
  4 ogre magi
  5 ghost crabs
  6 two-headed ogres
  A death knight (D:13)
  A tengu warrior (Depths:2)
  A dancing weapon (Vaults:3)
  3 deep troll earth magi
  4 deep troll shamans (Depths:1)
  3 vampire magi
  3 orc high priests (Orc:2)
  9 naga sharpshooters
  7 shock serpents
  4 deep elf knights
  2 spriggans (Swamp:4)
  A salamander mystic (Snake:4)
  A fire crab (Vaults:3)
  A shadow wraith (Vaults:3)
  6 sea snakes (Snake:4)
  3 skeletal warriors (Vaults:1)
  An unseen horror (D:12)
  A golden dragon zombie (Depths:1)
  3 hell knights (Depths:2)
  17 deep trolls
  A spriggan druid (Swamp:2)
  2 flayed ghosts
  3 swamp dragons
  A glowing orange brain (Vaults:2)
  3 deep elf archers
  2 wizards
  A shadow dragon zombie (Depths:1)
  12 orc knights
  3 naga ritualists
  An orb spider (Lair:5)
  12 ironbrand convokers
  2 phantasmal warriors (Vaults:2)
  3 harpies (Vaults:2)
  4 necromancers
  3 wolf spiders
  A frost giant zombie (Depths:1)
  39 ugly things
  8 mana vipers
  3 cyclopes
  6 orc sorcerers
  9 deep elf magi
  A shining eye (D:15)
  10 salamanders
  A salamander (shapeshifter) (D:15)
  4 manticores
  27 black mambas
  4 centaur zombies
  2 fire giant skeletons (Depths:1)
  A stone giant skeleton (Depths:1)
  7 guardian serpents
  4 gargoyles
  A frost giant skeleton (Vaults:1)
  16 naga magi
  11 vault sentinels
  A yaktaur zombie (Vaults:1)
  14 spiny frogs
  2 kobold demonologists
  A spriggan skeleton (Depths:1)
  A komodo dragon (shapeshifter) (D:15)
  2 rime drakes (shapeshifter)
  An efreet (D:13)
  11 komodo dragons
  9 freezing wraiths
  3 rime drakes
  17 yaktaurs
  4 tengu conjurers
  2 jumping spiders
  A polar bear (Vaults:4)
  A polar bear (shapeshifter) (D:15)
  12 hornets
  2 merfolk
  8 tyrant leeches
  7 trolls
  A blink frog (shapeshifter) (Vaults:2)
  7 hippogriffs
  27 slime creatures
  7 dream sheep
  8 bog bodies
  4 blink frogs
  3 centaur simulacra
  4 water elementals
  A vampire (D:14)
  3 shadows
  13 humans
  46 yaks
  4 wraiths
  5 wyverns
  2 basilisks (shapeshifter)
  10 basilisks
  A steam dragon (Lair:6)
  A golden eye (shapeshifter) (D:14)
  6 swamp worm simulacra (Swamp:4)
  A yaktaur simulacrum (Vaults:3)
  9 insubstantial wisps
  56 nagas
  9 wargs
  2 soldier ants
  A two-headed ogre zombie (D:12)
  23 water moccasins
  15 swamp worms
  2 acid dragons
  A soldier ant (shapeshifter) (D:15)
  5 hell hounds (Lair:6)
  7 porcupines
  15 hydra simulacra (Swamp:4)
  A floating eye (shapeshifter) (Depths:2)
  2 black bears
  11 swamp drakes
  2 ice beasts (shapeshifter)
  17 ogres
  31 orc warriors
  6 ice beasts
  An eye of draining (D:15)
  A hornet zombie (D:12)
  2 sky beasts
  5 phantoms
  An ettin simulacrum (Depths:1)
  4 wolves
  28 centaurs
  A human zombie (Vaults:1)
  14 crocodiles
  5 big kobolds
  18 bullfrogs
  A wyvern zombie (D:12)
  A gnoll sergeant (Orc:2)
  2 hornet simulacra
  A water moccasin skeleton (D:5)
  2 troll zombies (D:12)
  A scorpion (D:9)
  7 killer bees
  8 wights
  A howler monkey (D:13)
  4 electric eels
  3 bullfrog zombies
  4 lava snakes (Lair:6)
  A human simulacrum (Vaults:3)
  7 crimson imps
  A quasit (D:13)
  4 jellies
  14 orc priests
  21 orc wizards
  2 gnoll shamans
  6 hounds
  5 iguanas
  Natasha (D:2)
  Terence (D:3)
  14 worker ants
  4 ogre zombies (D:12)
  A hound skeleton (D:8)
  A howler monkey zombie (D:5)
  A worker ant zombie (D:8)
  19 gnolls
  18 adders
  A howler monkey skeleton (D:9)
  2 shadow imps
  5 white imps
  2 ufetubi (D:11)
  4 oozes
  2 swamp drake simulacra (Swamp:4)
  An adder skeleton (D:7)
  An adder zombie (D:5)
  5 worms
  3 dart slugs
  3 leopard geckos
  81 orcs
  5 giant cockroaches
  5 hobgoblins
  11 jackals
  13 kobolds
  7 quokkas
  2 ball pythons
  A ball python skeleton (D:4)
  5 bats
  2 frilled lizards
  7 goblins
  A goblin skeleton (D:12)
  2 goblin zombies (D:12)
  2 hobgoblin skeletons (D:12)
  A jackal skeleton (D:9)
  A leopard gecko zombie (D:6)
  15 orc zombies (D:12)
  A quokka zombie (D:6)
  13 rats
  A spectral orc (D:9)
  A briar patch (Swamp:2)
  12 fungi (Swamp:2)
  3 plants
1374 creatures vanquished.

Vanquished Creatures (collateral kills)
  Mara (Swamp:3)
  Bai Suzhen (Swamp:3)
  A golden dragon (Depths:1)
  Rupert (D:12)
  Agnes (Snake:3)
  Gastronok (Lair:3)
  3 nagarajas
  A fire giant (Vaults:4)
  A frost giant (Depths:1)
  An orc warlord (Orc:2)
  2 vault wardens
  2 ironheart preservers
  Harold (D:7)
  A fire dragon (Depths:1)
  A rakshasa (D:14)
  Josephine (Snake:1)
  2 naga warriors
  A vault guard (Vaults:2)
  A shambling mangrove (Swamp:2)
  6 hydras
  An anaconda (Snake:2)
  5 centaur warriors
  2 alligators (Swamp:3)
  8 two-headed ogres
  2 orc high priests (Orc:2)
  A naga sharpshooter (Snake:4)
  2 shock serpents
  A hell knight (Depths:2)
  A salamander mystic (Snake:3)
  An unseen horror (D:13)
  A deep troll (Vaults:2)
  A tengu zombie (Depths:1)
  2 naga ritualists (Snake:4)
  A deep elf archer (Vaults:2)
  A lindwurm (Lair:6)
  2 necromancers
  Pikel (D:6)
  An ironbrand convoker (Vaults:2)
  4 orc knights
  9 ugly things
  A wolf spider (Depths:2)
  2 salamanders
  A cyclops (D:15)
  A deep elf mage (Vaults:2)
  An oklob plant (D:9)
  2 guardian serpents
  6 black mambas
  4 naga magi
  2 molten gargoyles (Lair:6)
  Maurice (D:8)
  A vault sentinel (Vaults:3)
  A torpor snail (Lair:2)
  An efreet (D:13)
  4 yaktaurs
  3 komodo dragons
  A troll (Orc:2)
  The ghost of ianfitz1987 the Shield-Bearer, an amateur HuFi (D:3)
  5 blink frogs
  A hornet (Swamp:2)
  A raiju (shapeshifter) (Vaults:1)
  3 hippogriffs
  3 slime creatures
  9 dream sheep
  19 yaks
  A wyvern (Lair:6)
  A wraith (Snake:1)
  3 basilisks
  A hungry ghost (D:12)
  Edmund (D:5)
  11 nagas
  A warg (Orc:2)
  An acid dragon (D:13)
  Menkaure (D:6)
  A swamp worm (Swamp:2)
  4 water moccasins
  3 porcupines
  A black bear (D:6)
  A sky beast (D:5)
  9 orc warriors
  3 slaves (D:6)
  2 ogres
  An ice beast (D:6)
  7 centaurs
  A crocodile (Lair:1)
  3 wolves (Lair:3)
  7 bullfrogs
  A big kobold (D:8)
  A scorpion (D:6)
  A water moccasin skeleton (D:6)
  2 killer bees (D:7)
  An electric eel (Lair:6)
  A lava snake (Lair:6)
  A crimson imp (D:8)
  A hound (D:7)
  3 orc priests
  Natasha (D:2)
  An orc wizard (Vaults:3)
  An ogre zombie (D:12)
  2 gnolls (D:2)
  3 adders (Lair:2)
  13 orcs
  A giant cockroach (D:6)
  A goblin (D:2)
  A jackal (Depths:1)
  A kobold (D:3)
  2 goblin skeletons (D:12)
  A hobgoblin zombie (D:12)
  2 orc zombies (D:12)
  A rat (D:3)
  2 fungi
  2 plants
262 creatures vanquished.

Vanquished Creatures (others)
  A tengu reaver (Vaults:4)
  A stone giant (Vaults:4)
  Nessos (Lair:6)
  A yaktaur captain (Vaults:2)
  An ice dragon (Swamp:4)
  A centaur warrior (D:13)
  A shock serpent (Snake:4)
  2 naga sharpshooters
  2 deep elf knights (Vaults:1)
  A glowing orange brain (D:15)
  2 sea snakes
  A swamp dragon (Swamp:2)
  An ironbrand convoker (Vaults:4)
  An orc knight (Vaults:4)
  A manticore (D:12)
  A deep elf mage (Vaults:1)
  A cyclops (D:15)
  A black mamba (Snake:3)
  2 naga magi
  2 guardian serpents (Snake:4)
  A spiny frog (Lair:6)
  4 yaktaurs
  A hornet (Swamp:3)
  7 dream sheep
  3 yaks (Lair:6)
  A wraith (Vaults:1)
  A wyvern (D:15)
  A human (D:13)
  A basilisk (shapeshifter) (D:15)
  An acid dragon (D:13)
  4 nagas (Snake:4)
  A water moccasin (Lair:6)
  An orc warrior (Vaults:4)
  A slave (D:6)
  4 centaurs
  A big kobold (D:15)
  A gnoll (Depths:1)
  A white imp (D:11)
  9 ball lightnings
  6 orcs
  A ball python (D:6)
  4 kobolds (D:15)
  A fire vortex (D:3)
  7 fungi
  17 plants
  3 snaplasher vines
108 creatures vanquished.

Grand Total: 1744 creatures vanquished

Notes
Turn   | Place    | Note
-------+----------+-------------------------------------------
     0 | D:1      | psyvane the Demonspawn Wanderer began the quest for the
                  | Orb.
     0 | D:1      | psyvane set off with the following items: a +2 dagger, a
                  | potion of heal wounds, a +0 hand axe, a +0 ring mail, a
                  | ration
     0 | D:1      | Reached XP level 1. HP: 16/16 MP: 1/1
   134 | D:1      | Reached skill level 1 in Shields
   150 | D:1      | Gained mutation: You have sharp toenails. [demonic
                  | ancestry]
   150 | D:1      | Reached XP level 2. HP: 18/22 MP: 2/2
   877 | D:2      | Found an ancient bone altar of Kikubaaqudgha.
   885 | D:2      | Gained mutation: A weak demonic guardian rushes to your
                  | aid. [demonic ancestry]
   885 | D:2      | Reached XP level 3. HP: 26/27 MP: 3/3
   930 | D:2      | Gained mutation: A demonic guardian rushes to your aid.
                  | [demonic ancestry]
   930 | D:2      | Reached XP level 4. HP: 24/33 MP: 4/4
  1294 | D:2      | Noticed Natasha
  1309 | D:2      | Killed Natasha
  1473 | D:2      | Noticed Natasha
  1481 | D:2      | Killed Natasha
  1481 | D:2      | Gained mutation: You are surrounded by a mild repulsion
                  | field. (EV +2) [demonic ancestry]
  1481 | D:2      | Reached XP level 5. HP: 26/38 MP: 5/5
  1605 | D:2      | Found a sparkling altar of Nemelex Xobeh.
  1618 | D:2      | Became a worshipper of Nemelex Xobeh the Trickster
  1869 | D:3      | Found an iron altar of Okawaru.
  1882 | D:3      | Found a shattered altar of Ashenzari.
  1889 | D:3      | Received a gift from Nemelex Xobeh
  1973 | D:3      | Gained mutation: You are surrounded by a moderate repulsion
                  | field. (EV +3) [demonic ancestry]
  1973 | D:3      | Reached XP level 6. HP: 47/47 MP: 6/6
  2242 | D:3      | Noticed Terence
  2247 | D:3      | Killed Terence
  2511 | D:3      | Found a blossoming altar of Fedhas.
  2829 | D:3      | Found a transporter.
  2991 | D:3      | Found a transporter.
  2991 | D:3      | Identified the +3 spear "Eviscerator" {venom, rPois Int+3}
  3161 | D:3      | Noticed ianfitz1987's ghost (amateur HuFi)
  3643 | D:4      | Found Susyiran's Distillery.
  3845 | D:4      | Reached * piety under Nemelex Xobeh
  3896 | D:4      | Found a shattered altar of Ashenzari.
  3896 | D:4      | Received a gift from Nemelex Xobeh
  4144 | D:4      | Reached skill level 5 in Fighting
  4144 | D:4      | Gained mutation: You have razor-sharp toenails. [demonic
                  | ancestry]
  4144 | D:4      | Reached XP level 7. HP: 49/56 MP: 7/7
  4255 | D:4      | Found a sparkling altar of Nemelex Xobeh.
  4261 | D:4      | Found a white marble altar of Elyvilon.
  4640 | D:3      | Killed ianfitz1987's ghost
  4755 | D:5      | Entered Level 5 of the Dungeon
  4818 | D:5      | Reached skill level 1 in Evocations
  5036 | D:5      | Reached skill level 1 in Axes
  5064 | D:5      | Noticed Edmund
  5071 | D:5      | Killed Edmund
  5071 | D:5      | Gained mutation: You sometimes gain a little power by
                  | taking damage. [demonic ancestry]
  5071 | D:5      | Reached XP level 8. HP: 65/65 MP: 8/8
  5462 | D:5      | Found a hide-covered altar of Uskayaw.
  5661 | D:5      | Found a runed translucent door.
  5662 | D:5      | Noticed Crazy Yiuf
  5791 | D:6      | Reached ** piety under Nemelex Xobeh
  5792 | D:6      | Found a shimmering altar of Xom.
  5846 | D:6      | Noticed Pikel
  5861 | D:6      | Killed Pikel
  5861 | D:6      | Reached skill level 5 in Axes
  6360 | D:6      | Gained mutation: You are surrounded by a strong repulsion
                  | field. (EV +4, RMsl) [demonic ancestry]
  6360 | D:6      | Reached XP level 9. HP: 65/71 MP: 10/10
  6538 | D:6      | Received a gift from Nemelex Xobeh
  6545 | D:6      | Gained mutation: You are clumsy. (Dex -2) [potion of
                  | mutation]
  6545 | D:6      | Gained mutation: You expend magic power (3 MP) to
                  | strengthen your wands. [potion of mutation]
  6546 | D:6      | Lost mutation: You are clumsy. (Dex -2) [potion of
                  | mutation]
  6546 | D:6      | Lost mutation: You expend magic power (3 MP) to strengthen
                  | your wands. [potion of mutation]
  6546 | D:6      | Gained mutation: You have a pair of small horns on your
                  | head. [potion of mutation]
  6546 | D:6      | Gained mutation: Your flesh is heat resistant. (rF+)
                  | [potion of mutation]
  6547 | D:6      | Lost mutation: You have a pair of small horns on your head.
                  | [potion of mutation]
  6547 | D:6      | Lost mutation: Your flesh is heat resistant. (rF+) [potion
                  | of mutation]
  6547 | D:6      | Gained mutation: You have a pair of small antennae on your
                  | head. [potion of mutation]
  6547 | D:6      | Gained mutation: You have a pair of antennae on your head.
                  | [potion of mutation]
  6547 | D:6      | Gained mutation: You expend magic power (3 MP) to
                  | strengthen your wands. [potion of mutation]
  6619 | D:6      | Found a staircase to the Ecumenical Temple.
  6626 | D:6      | Noticed Menkaure
  6632 | D:6      | Killed Menkaure
  6969 | D:7      | Noticed Harold
  6977 | D:7      | Killed Harold
  7072 | D:7      | Received a gift from Nemelex Xobeh
  7304 | D:7      | Reached *** piety under Nemelex Xobeh
  7629 | D:7      | Received a gift from Nemelex Xobeh
  7630 | D:7      | Found a shadowy altar of Dithmenos.
  8107 | D:7      | Noticed a white ugly thing
  8114 | D:7      | Killed a white ugly thing
  8206 | D:8      | Reached skill level 10 in Axes
  8206 | D:8      | Reached XP level 10. HP: 62/77 MP: 11/11
  8295 | D:8      | Received a gift from Nemelex Xobeh
  8401 | D:8      | Found a snail-covered altar of Cheibriados.
  8520 | D:8      | Noticed a three-headed hydra
  8529 | D:8      | Killed a four-headed hydra
  9261 | D:8      | Noticed Maurice
  9291 | D:8      | Killed Maurice
  9304 | D:8      | Received a gift from Nemelex Xobeh
  9610 | D:9      | Got a scorched dagger
  9701 | D:9      | Found a snail-covered altar of Cheibriados.
  9701 | D:9      | Noticed an oklob plant
  9735 | D:9      | Killed an oklob plant
  9797 | D:9      | Reached **** piety under Nemelex Xobeh
  9797 | D:9      | Received a gift from Nemelex Xobeh
  9916 | D:9      | Found a basalt altar of Yredelemnul.
 10187 | D:9      | Found a staircase to the Lair.
 10228 | D:9      | Found a radiant altar of Vehumet.
 10323 | D:9      | Found an ornate altar of the Wu Jian Council.
 10608 | D:10     | Entered Level 10 of the Dungeon
 10608 | D:10     | Found a glowing silver altar of Zin.
 10806 | D:10     | Found Wuriothe's Serpentskin Sales.
 10938 | D:10     | Gained mutation: You have claws for feet. [demonic
                  | ancestry]
 10938 | D:10     | Reached XP level 11. HP: 73/83 MP: 12/12
 11333 | D:11     | Received a gift from Nemelex Xobeh
 11768 | D:11     | Noticed a green ugly thing
 11786 | D:11     | Killed a green ugly thing
 11951 | D:11     | Found Wacasm's Jewellery Emporium.
 11967 | D:11     | Bought the ring "Vaakhlony" {*Drain rPois MR- Str+10 Dex+2}
                  | for 358 gold pieces
 12514 | Lair:1   | Entered Level 1 of the Lair of Beasts
 12752 | Lair:1   | Received a gift from Nemelex Xobeh
 12802 | Lair:1   | Got a wavering jade ring
 13244 | Lair:1   | Reached ***** piety under Nemelex Xobeh
 13388 | Lair:1   | Received a gift from Nemelex Xobeh
 13400 | Lair:1   | Identified the ring of Waewun Doih {rPois Dex+4} (You found
                  | it on level 1 of the Lair of Beasts)
 13673 | Lair:2   | Identified the -2 quarterstaff of Animal Spirits {protect,
                  | rN++ Str+4 Dex+3}
 13681 | Lair:2   | Reached skill level 5 in Shields
 13891 | Lair:2   | Found a staircase to the Snake Pit.
 13994 | Lair:2   | Reached skill level 10 in Shields
 14012 | Lair:2   | Reached XP level 12. HP: 86/89 MP: 13/13
 14680 | Lair:3   | Received a gift from Nemelex Xobeh
 14780 | Lair:3   | Noticed Gastronok
 14790 | Lair:3   | Killed Gastronok
 14826 | Lair:3   | Got a flickering diamond amulet
 14837 | Lair:3   | Identified the amulet "Rojig" {Reflect rPois Int-2 SH+3
                  | SInv} (You found it on level 3 of the Lair of Beasts)
 15040 | Lair:3   | Lost mutation: You have a pair of antennae on your head.
                  | [potion of mutation]
 15040 | Lair:3   | Lost mutation: You expend magic power (3 MP) to strengthen
                  | your wands. [potion of mutation]
 15040 | Lair:3   | Gained mutation: Your mind is acute. (Int +2) [potion of
                  | mutation]
 15040 | Lair:3   | Gained mutation: Your flesh is heat resistant. (rF+)
                  | [potion of mutation]
 15040 | Lair:3   | Gained mutation: Your system is resistant to poisons.
                  | (rPois) [potion of mutation]
 15040 | Lair:3   | Gained mutation: You are resistant to hostile enchantments.
                  | (MR+) [potion of mutation]
 15041 | Lair:3   | Lost mutation: You have a pair of small antennae on your
                  | head. [potion of mutation]
 15041 | Lair:3   | Lost mutation: Your flesh is heat resistant. (rF+) [potion
                  | of mutation]
 15041 | Lair:3   | Gained mutation: You are agile. (Dex +2) [potion of
                  | mutation]
 15316 | Lair:3   | Received a gift from Nemelex Xobeh
 16357 | Lair:4   | Found a staircase to the Swamp.
 16735 | Lair:5   | Received a gift from Nemelex Xobeh
 16869 | Lair:5   | Noticed an eight-headed hydra
 16879 | Lair:5   | Killed an eight-headed hydra
 16879 | Lair:5   | Gained mutation: You sometimes gain power by taking damage.
                  | [demonic ancestry]
 16879 | Lair:5   | Reached XP level 13. HP: 95/95 MP: 14/14
 16898 | Lair:5   | Received a gift from Nemelex Xobeh
 17218 | Lair:5   | Got a bloodstained spear
 17256 | Lair:6   | Entered Level 6 of the Lair of Beasts
 17256 | Lair:6   | Received a gift from Nemelex Xobeh
 17395 | Lair:6   | Reached ****** piety under Nemelex Xobeh
 17794 | Lair:6   | Found a viscous altar of Jiyva.
 17794 | Lair:6   | Found a staircase to the Slime Pits.
 17874 | Lair:6   | Reached skill level 15 in Shields
 17889 | Lair:6   | Reached skill level 1 in Invocations
 18081 | Lair:6   | Reached skill level 5 in Invocations
 18250 | Lair:6   | Noticed a fire dragon
 18442 | Lair:6   | Found a large runed translucent door.
 18448 | Lair:6   | Found a large runed translucent door.
 18810 | Lair:6   | Received a gift from Nemelex Xobeh
 19151 | Lair:6   | Reached skill level 10 in Invocations
 19178 | Lair:6   | Noticed Nessos
 19183 | Lair:6   | Killed Nessos
 19241 | Lair:6   | Received a gift from Nemelex Xobeh
 19443 | Lair:6   | Identified the +1 long sword of Expedience {flame, +Rage
                  | rPois rC+}
 19447 | Lair:6   | Killed a fire dragon
 19858 | D:12     | Found a staircase to the Orcish Mines.
 20082 | D:12     | Found Hohes's Gadget Shoppe.
 20106 | D:12     | Learned a level 2 spell: Call Imp
 20145 | D:12     | Reached skill level 5 in Dodging
 20334 | D:12     | Reached skill level 1 in Summonings
 20338 | D:12     | Found a runed translucent gate.
 20339 | D:12     | Found a runed translucent gate.
 20394 | D:12     | Found a runed translucent gate.
 20394 | D:12     | Noticed DKeggars's ghost (journeyman GrFi)
 20470 | D:12     | Reached XP level 14. HP: 104/105 MP: 21/21
 20899 | D:12     | Killed DKeggars's ghost
 21419 | D:12     | Got an ancient broad axe
 21429 | D:12     | Identified the +7 broad axe "Neuvic" {freeze, rF+ MR+} (You
                  | found it on level 12 of the Dungeon)
 21476 | D:13     | Found a gate to the Vaults.
 21476 | D:13     | Received a gift from Nemelex Xobeh
 21476 | D:13     | Noticed Urug
 21476 | D:13     | Noticed Rupert
 21543 | Orc:1    | Entered Level 1 of the Orcish Mines
 21543 | Orc:1    | Noticed Snorg
 21546 | Orc:1    | Killed Snorg
 22006 | Orc:2    | Entered Level 2 of the Orcish Mines
 22023 | Orc:2    | Found a staircase to the Elven Halls.
 22082 | Orc:2    | Reached skill level 5 in Summonings
 22087 | Orc:2    | Learned a level 3 spell: Call Canine Familiar
 22109 | Orc:2    | Found Mame's Antique Armour Emporium.
 22211 | Orc:2    | Noticed an orc warlord
 22228 | Orc:2    | Killed an orc warlord
 22235 | Orc:2    | Found Fuaqukh's General Store.
 22578 | Orc:2    | Found Mymemp's Antique Weapon Emporium.
 22731 | Orc:2    | Found Omasche's Food Emporium.
 22732 | Orc:2    | Found Diefiom's Book Shop.
 22798 | Orc:2    | Noticed Erolcha
 22833 | Orc:2    | Killed Erolcha
 23678 | D:12     | Killed Rupert
 23749 | D:13     | Received a gift from Nemelex Xobeh
 23762 | D:13     | Learned a level 4 spell: Summon Ice Beast
 23779 | D:13     | Noticed Urug
 23779 | D:13     | Urug changed into Urug the jumping spider
 23785 | D:13     | Reached skill level 1 in Ice Magic
 23802 | D:13     | Killed Urug the jumping spider
 23910 | D:13     | Reached skill level 5 in Ice Magic
 24064 | D:13     | Found a runed translucent door.
 24368 | D:13     | Received a gift from Nemelex Xobeh
 24464 | D:13     | Received a gift from Nemelex Xobeh
 24465 | D:13     | Reached XP level 15. HP: 105/110 MP: 22/22
 24758 | D:13     | Found a runed translucent door.
 24776 | D:13     | Found Hunudapn's Magic Scroll Shoppe.
 24779 | D:13     | Bought 3 scrolls of identify for 96 gold pieces
 24779 | D:13     | Bought a scroll of blinking for 120 gold pieces
 24848 | D:13     | Received a gift from Nemelex Xobeh
 25016 | D:14     | Noticed Roxanne
 25375 | D:14     | Noticed Frances
 25402 | D:14     | Killed Frances
 25785 | D:14     | Noticed Jorgrun
 25794 | D:14     | Killed Jorgrun
 25794 | D:14     | Reached skill level 15 in Axes
 26157 | D:15     | Entered Level 15 of the Dungeon
 26178 | D:15     | Received a gift from Nemelex Xobeh
 26199 | D:15     | Identified the -1 trident "Rupreh" {venom, rN+ Dex+4}
 26353 | D:15     | Found a staircase to the Depths.
 27249 | Snake:1  | Entered Level 1 of the Snake Pit
 27344 | Snake:1  | Lost mutation: Your mind is acute. (Int +2) [potion of
                  | mutation]
 27344 | Snake:1  | Lost mutation: You are agile. (Dex +2) [potion of mutation]
 27344 | Snake:1  | Lost mutation: Your system is resistant to poisons. (rPois)
                  | [potion of mutation]
 27344 | Snake:1  | Gained mutation: Armour fits poorly on your strangely
                  | shaped body. [potion of mutation]
 27344 | Snake:1  | Gained mutation: You can translocate small distances at
                  | will. [potion of mutation]
 27379 | Snake:1  | Received a gift from Nemelex Xobeh
 27383 | Snake:1  | Noticed Josephine
 27383 | Snake:1  | Noticed Aizul
 27388 | Snake:1  | Killed Josephine
 27404 | Snake:1  | Killed Aizul
 27643 | Snake:1  | Found Zagh's Antique Armour Emporium.
 27643 | Snake:1  | Found Mevor's General Store.
 27799 | Snake:1  | Found Vowok's Antique Armour Emporium.
 27803 | Snake:1  | Found Giath's Antique Weapon Emporium.
 28083 | Snake:1  | Bought a warped helmet for 171 gold pieces
 28083 | Snake:1  | Identified the +4 helmet "Nanusch" {rElec rPois} (You
                  | bought it in a shop on level 1 of the Snake Pit)
 28556 | Snake:2  | Noticed a nagaraja
 28561 | Snake:2  | Gained mutation: Your magical and physical power is
                  | slightly enhanced at high health. [demonic ancestry]
 28561 | Snake:2  | Reached XP level 16. HP: 71/117 MP: 13/23
 29273 | Snake:3  | Received a gift from Nemelex Xobeh
 30322 | Snake:3  | Received a gift from Nemelex Xobeh
 30434 | Snake:3  | Noticed Agnes
 30442 | Snake:3  | Killed Agnes
 30442 | Snake:3  | Reached skill level 5 in Armour
 30851 | Snake:3  | Received a gift from Nemelex Xobeh
 30894 | Snake:4  | Entered Level 4 of the Snake Pit
 31027 | Snake:4  | Received a gift from Nemelex Xobeh
 31433 | Snake:4  | Gained mutation: Your magical and physical power is
                  | enhanced at high health. [demonic ancestry]
 31433 | Snake:4  | Reached XP level 17. HP: 86/122 MP: 24/24
 31949 | Snake:4  | Received a gift from Nemelex Xobeh
 31968 | Snake:4  | Reached skill level 10 in Armour
 32251 | Snake:4  | Got a serpentine rune of Zot
 32509 | Snake:1  | Learned a level 4 spell: Summon Lightning Spire
 32609 | Swamp:1  | Entered Level 1 of the Swamp
 32647 | Swamp:1  | Found a transporter.
 32704 | Swamp:1  | Noticed Louise
 32728 | Swamp:1  | Killed Louise
 32783 | Swamp:1  | Received a gift from Nemelex Xobeh
 32977 | Swamp:1  | Found a transporter.
 33280 | Swamp:1  | Received a gift from Nemelex Xobeh
 33316 | Swamp:1  | Got a steaming marble ring
 33326 | Swamp:1  | Got a slimy tin ring
 33365 | Swamp:1  | Identified the ring of Keucvo {*Tele rN+ Dex+3} (You found
                  | it on level 1 of the Swamp)
 33366 | Swamp:1  | Identified the ring "Peredath" {MR+ Dex+4} (You found it on
                  | level 1 of the Swamp)
 34399 | Swamp:3  | Noticed Mara
 34400 | Swamp:3  | Noticed psyvane's illusion
 34405 | Swamp:3  | Identified the +2 executioner's axe of Capital Punishment
                  | {vamp, rF+}
 34430 | Swamp:3  | Killed Mara
 34430 | Swamp:3  | Reached XP level 18. HP: 86/129 MP: 17/25
 34458 | Swamp:3  | Lost mutation: Armour fits poorly on your strangely shaped
                  | body. [potion of mutation]
 34458 | Swamp:3  | Lost mutation: You can translocate small distances at will.
                  | [potion of mutation]
 34458 | Swamp:3  | Gained mutation: You are clumsy. (Dex -2) [potion of
                  | mutation]
 34458 | Swamp:3  | Gained mutation: You have a pair of small antennae on your
                  | head. [potion of mutation]
 34679 | Swamp:3  | Noticed Bai Suzhen
 34708 | Swamp:3  | Killed Bai Suzhen
 35113 | Swamp:3  | Received a gift from Nemelex Xobeh
 35294 | Swamp:3  | Reached skill level 10 in Summonings
 35847 | Swamp:4  | Entered Level 4 of the Swamp
 36679 | Swamp:4  | Received a gift from Nemelex Xobeh
 37611 | Swamp:4  | Got a decaying rune of Zot
 38019 | Vaults:1 | Entered Level 1 of the Vaults
 38402 | Vaults:1 | Received a gift from Nemelex Xobeh
 39339 | Vaults:1 | Received a gift from Nemelex Xobeh
 39393 | Vaults:1 | Reached XP level 19. HP: 125/134 MP: 26/26
 39400 | Vaults:1 | Learned a level 5 spell: Summon Forest
 39414 | Vaults:1 | Reached skill level 1 in Translocations
 39851 | Vaults:2 | Reached skill level 5 in Translocations
 40097 | Vaults:2 | Received a gift from Nemelex Xobeh
 40395 | Vaults:2 | Reached skill level 15 in Summonings
 40645 | Vaults:2 | Found a staircase to the Crypt.
 41027 | Vaults:2 | Received a gift from Nemelex Xobeh
 41038 | Vaults:2 | Found Osaij's Armour Boutique.
 41222 | Vaults:2 | Found a portal to a secret trove of treasure.
 41304 | Vaults:2 | Received a gift from Nemelex Xobeh
 42142 | Vaults:3 | Noticed a lich
 42147 | Vaults:3 | Killed a lich
 42233 | Vaults:3 | Found Niocip's Gadget Shoppe.
 42934 | Vaults:3 | Identified a scroll of acquirement
 42940 | Vaults:3 | Got an encrusted cloak
 42941 | Vaults:3 | Identified the +2 cloak of Weirdness {rC- Regen+ rCorr
                  | SInv} (You acquired it on level 3 of the Vaults)
 43003 | Vaults:4 | Reached XP level 20. HP: 136/141 MP: 27/27
 43041 | Vaults:4 | Reached skill level 1 in Spellcasting
 43049 | Vaults:4 | Learned a level 3 spell: Summon Guardian Golem
 43132 | Vaults:4 | Received a gift from Nemelex Xobeh
 43352 | Vaults:4 | Reached skill level 5 in Spellcasting
 43576 | Vaults:4 | Learned a level 7 spell: Summon Hydra
 43737 | Vaults:4 | Got a jewelled hat
 43739 | Vaults:4 | Identified the +1 hat of Broken Taboos {rElec Str+6} (You
                  | found it on level 4 of the Vaults)
 43758 | Vaults:4 | Found a radiant altar of Vehumet.
 44384 | Depths:1 | Entered Level 1 of the Depths
 44384 | Depths:1 | Found a gateway to Hell.
 44390 | Depths:1 | Identified the +0 quarterstaff "Ingo" {protect, MR++}
 44465 | Depths:1 | Received a gift from Nemelex Xobeh
 44504 | Depths:1 | Reached skill level 10 in Fighting
 44515 | Depths:1 | Noticed Saint Roka
 44534 | Depths:1 | Noticed Saint Roka
 44534 | Depths:1 | Saint Roka changed into Saint Roka the golden dragon
 44538 | Depths:1 | Killed Saint Roka the golden dragon
 44816 | Depths:1 | Received a gift from Nemelex Xobeh
 45060 | Depths:1 | Got a translucent great mace
 45061 | Depths:1 | Identified the +8 great mace of Fedhas's Condemnation
                  | {crush, rC+ Str+6 Dex-3} (You found it on level 1 of the
                  | Depths)
 45070 | Depths:1 | Found a runed translucent door.
 45072 | Depths:1 | Lost mutation: You are clumsy. (Dex -2) [potion of
                  | mutation]
 45072 | Depths:1 | Lost mutation: You have a pair of small antennae on your
                  | head. [potion of mutation]
 45072 | Depths:1 | Gained mutation: You passively map a small area around you.
                  | [potion of mutation]
 45072 | Depths:1 | Gained mutation: You are agile. (Dex +2) [potion of
                  | mutation]
 45072 | Depths:1 | Gained mutation: Your system is resistant to poisons.
                  | (rPois) [potion of mutation]
 45072 | Depths:1 | Gained mutation: You have a pair of small horns on your
                  | head. [potion of mutation]
 46432 | Depths:2 | Received a gift from Nemelex Xobeh
 46484 | Depths:2 | Slain by a frost giant

Skill      XL: |  1  2  3  4  5  6  7  8  9 10 11 12 13 14 15 16 17 18 19 20 |
---------------+-------------------------------------------------------------+-----
Shields        | 1 2 3 4 10 14 15 | 15.0
Fighting       | 3 5 6 8 11 | 11.0
Dodging        | 2 3 5 9 |  9.3
Evocations     | 1 |  1.5
Axes           | 1 6 10 12 13 16 17 | 17.9
Invocations    | 10 | 10.0
Summonings     | 1 9 14 17 | 17.1
Ice Magic      | 6 |  6.4
Armour         | 8 13 | 13.8
Translocations | 6 |  6.0
Spellcasting   | 6 |  6.0
Short Blades   | |  1.0
Maces & Flails | |  1.8
Throwing       | |  1.0
Stealth        | |  1.0
Hexes          | |  0.4

Action                   |  1- 3 |  4- 6 |  7- 9 | 10-12 | 13-15 | 16-18 | 19-21 || total
-------------------------+-------+-------+-------+-------+-------+-------+-------++-------
Melee: Mace              |    57 |   197 |    29 |       |       |       |       ||   283
       Kick              |     8 |    41 |    88 |   321 |   588 |   511 |   403 ||  1960
       Hand axe          |       |       |   297 |   863 |   445 |       |       ||  1605
       Broad axe         |       |       |       |       |   605 |  1061 |   720 ||  2386
       Headbutt          |       |       |       |       |       |       |    35 ||    35
 Cast: Call Imp          |       |       |       |       |    12 |     1 |       ||    13
       Call Canine Famil |       |       |       |       |     3 |     2 |       ||     5
       Summon Ice Beast  |       |       |       |       |     4 |     8 |    18 ||    30
       Summon Forest     |       |       |       |       |       |       |     8 ||     8
       Summon Lightning  |       |       |       |       |       |       |     3 ||     3
       Summon Hydra      |       |       |       |       |       |       |     2 ||     2
Invok: Triple Draw       |       |       |     1 |       |     2 |       |     1 ||     4
       Deal Four         |       |       |       |       |     1 |     4 |     1 ||     6
       Stack Five        |       |       |       |       |     1 |       |       ||     1
 Abil: Draw Destruction  |       |     5 |    15 |    33 |    51 |    28 |    36 ||   168
       Draw Summoning    |       |     1 |     1 |    12 |    19 |     6 |     9 ||    48
       Draw Escape       |       |       |       |     2 |    11 |     3 |     2 ||    18
       Draw Stack        |       |       |       |       |     5 |       |       ||     5
Evoke: Wand              |       |     7 |     3 |       |     7 |       |       ||    17
  Use: Scroll            |     1 |     6 |     4 |     9 |    20 |    13 |     9 ||    62
       Potion            |       |     5 |     3 |     3 |     5 |     3 |     2 ||    21
 Stab: Petrified         |       |       |     3 |       |       |     2 |       ||     5
       Distracted        |       |       |       |     7 |     6 |    16 |     7 ||    36
  Eat: Chunk             |       |    10 |    11 |    25 |    30 |    22 |    24 ||   122
       Ration            |       |       |     2 |     2 |     3 |     5 |     3 ||    15
Armor: Ring mail         |    23 |    23 |       |       |       |       |       ||    46
       Scale mail        |       |    24 |    64 |   122 |   115 |   170 |    92 ||   587
Dodge: Dodged            |    39 |   175 |   178 |   274 |   365 |   338 |   245 ||  1614
       Deflected         |       |       |     1 |     7 |    23 |    26 |    34 ||    91
Block: Buckler           |       |    38 |   100 |   267 |    52 |       |       ||   457
       Reflection        |       |       |     5 |    10 |    59 |    91 |    67 ||   232
       Shield            |       |       |       |       |   681 |   801 |   501 ||  1983
